 Dungeon Crawl Stone Soup version 0.17-a0-1093-g0b3cd89 (webtiles) character file.

5305 abixa the Grappler (level 10, -21/106 HPs)
             Began as a Troll Earth Elementalist on May 20, 2015.
             Was a High Priest of Okawaru.
             Killed from afar by a deep elf mage (24 damage)
             ... with a stone arrow
             ... on level 9 of the Dungeon.
             The game lasted 00:35:36 (7185 turns).

abixa the Grappler (Troll Earth Elementalist)       Turns: 7185, Time: 00:35:36

Health: -21/106    AC:  5    Str: 18    XL:     10   Next: 37%
Magic:  8/10       EV: 12    Int: 14    God:    Okawaru [*****.]
Gold:   255        SH:  0    Dex: 10    Spells: 4 memorised, 1 level left

rFire  . . .     SeeInvis .       - Unarmed
rCold  . . .     Clarity  .     a - +0 robe
rNeg   + . .     SustAb   +     (no shield)
rPois  .         Gourm    +     (helmet restricted)
rElec  .         Spirit   .     (no cloak)
rCorr  .         Warding  .     (gloves unavailable)
rMut   .         Stasis   .     (boots unavailable)
MR     .....                    (no amulet)
Stlth  ++........               p - ring of positive energy
                                W - ring of sustain abilities

@: heroism, not resistant to hostile enchantments, unstealthy
A: unfitting armour, claws 3, fast metabolism 3, gourmand, regeneration 2,
shaggy fur 1, tough skin 2
a: Heroism, Finesse, Renounce Religion


You were on level 9 of the Dungeon.
You worshipped Okawaru.
Okawaru was extremely pleased with you.
You were completely stuffed.

You visited 2 branches of the dungeon, and saw 10 of its levels.

You collected 529 gold pieces.
You spent 274 gold pieces at shops.

Inventory:

Hand weapons
 d - a +1 short sword of venom
 m - a +0 hunting sling
 C - a +0 trident
Missiles
 b - 243 stones (quivered)
 e - 61 poisoned needles
 f - 13 sling bullets of flame
 l - 3 curare-tipped needles
 x - 6 tomahawks
 A - 47 sling bullets
 P - a throwing net
Armour
 a - a +0 robe (worn)
Magical staves
 c - a cursed staff of conjuration {unknown}
Jewellery
 p - a ring of positive energy (right claw)
 u - an uncursed ring of fire
 F - an uncursed amulet of resist mutation
 G - an uncursed ring of wizardry
 S - an uncursed ring of invisibility
 W - a ring of sustain abilities (left claw)
Magical devices
 j - a wand of draining (3)
 N - a wand of lightning (6)
 R - a wand of fireball (6)
 X - a wand of invisibility (4)
Scrolls
 g - 5 scrolls of fog
 h - 5 scrolls of blinking
 i - 2 scrolls of enchant weapon
 k - a scroll of magic mapping {unknown}
 q - 2 scrolls of fear
 z - 2 scrolls of recharging
 H - 3 scrolls of teleportation
 O - a scroll of silence
 Q - 2 scrolls of remove curse
Potions
 s - 2 potions of lignification
 t - 2 potions of might
 v - 3 potions of curing
 D - 3 potions of cancellation
 J - 2 potions of magic
 K - a potion of flight
Comestibles
 r - 8 fruits
 Y - 7 slices of pizza


   Skills:
 * Level 8.5(13.5) Fighting
 - Level 1.5(6.5) Dodging
 - Level 1.1(6.1) Stealth
 + Level 11.4(16.4) Unarmed Combat
 - Level 1.2 Spellcasting
 - Level 0.6 Transmutations
 - Level 2.6 Earth Magic
 - Level 1.0 Invocations


You had one spell level left.
You knew the following spells:

 Your Spells              Type           Power        Failure   Level  Hunger
a - Sandblast             Erth           #.....       10%         1    ##.....
b - Stoneskin             Trmt/Erth      #.......     24%         2    ###....
c - Passwall              Trmt/Erth      #.........   47%         3    ####...
d - Petrify               Trmt/Erth      #.......     98%         4    #####..


Dungeon Overview and Level Annotations

Branches:
Dungeon (9/15)             Temple (1/1) D:6
   Lair: D:8-11         Orc: D:9-12

Altars:
Ashenzari
Cheibriados
Dithmenos
Elyvilon
Fedhas
Gozag
Kikubaaqudgha
Nemelex Xobeh
Okawaru
Ru
Sif Muna
Trog
Xom
Yredelemnul
Zin
The Shining One

Shops:
D:5 [   D:6 *%?*(


Innate Abilities, Weirdness & Mutations

You are too large for most types of armour.
You have claws for hands.
Your metabolism is lightning-fast.
You like to eat raw meat.
You heal very quickly.
You are covered in fur (AC +1).
You have very tough skin (AC +2).


Message History

* * * LOW HITPOINT WARNING * * *
The centaur closely misses you.
Use which ability? (? or * to list)
You gain the combat prowess of a mighty hero.
You feel slightly less full. The centaur hits you.
* * * LOW HITPOINT WARNING * * *
The centaur hits you.
* * * LOW HITPOINT WARNING * * *
The deep elf mage points at you and mumbles some strange words.
The stone arrow hits you!
* * * LOW HITPOINT WARNING * * *
You claw the centaur!
The centaur begins to bleed from its wounds!
The centaur is heavily wounded.
The centaur hits you but does no damage.
You barely miss the centaur.
The centaur is heavily wounded.
The deep elf mage points at you and mumbles some strange words.
The stone arrow hits you!
You die...

..≈.≈≈..#...##. #.
..$.≈.......... #.
##..≈...##.###. ####.
#..≈≈..##.# #. #....
#..#≈..##.# #. #....
#..#≈..##.# #. #....
#...≈..##.# #.
#...?#####...≈..##.# #.
#..>.@c.........../###.
#####.e....###.>.......
##(....# #.###.....
##(...###.# #.###.
#........###.# #.
##.........##.# #. #
##.....#.#..##.# #.
#.###...†.## ##.##.# #.
..........# #.##.# #.


You could see a deep elf mage and a centaur (bleeding).

Vanquished Creatures
  Grinder (D:6)
  Sigmund (D:6)
  A deep elf mage (D:8)
  A hog (D:7)
  A human (D:7)
  5 yaks
  A hippogriff (D:8)
  A water moccasin (D:7)
  Duvessa (D:7)
  An orc warrior (D:4)
  4 phantoms
  5 ice beasts (D:9)
  A sky beast (D:7)
  A centaur (D:5)
  5 ogres
  3 giant frogs
  Dowan (D:6)
  A scorpion (D:7)
  A water moccasin skeleton (D:6)
  The ghost of Lugonue the Poker, a weakling CeFi (D:3)
  3 jellies
  An electric eel (D:9)
  11 orc wizards
  6 crimson imps
  5 orc priests
  3 hounds
  2 iguanas
  A giant frog zombie (D:7)
  Jessica (D:2)
  A giant frog skeleton (D:5)
  Terence (D:2)
  A quasit (D:8)
  A worker ant (D:4)
  A giant frog simulacrum (D:9)
  2 sheep (D:7)
  3 hound skeletons
  A worker ant zombie (D:6)
  10 adders
  6 gnolls
  A hound simulacrum (D:9)
  A white imp (D:9)
  2 shadow imps
  An ooze (D:1)
  3 worms
  An adder simulacrum (D:9)
  3 giant geckos
  40 orcs
  8 bats
  12 hobgoblins
  10 jackals
  13 kobolds
  A ball python (D:1)
  7 giant cockroaches
  4 giant newts
  6 goblins
  4 quokkas
  A quokka skeleton (D:8)
  2 quokka zombies (D:6)
  20 rats
237 creatures vanquished.

Notes
Turn   | Place    | Note
--------------------------------------------------------------
     0 | D:1      | abixa the Troll Earth Elementalist began the quest for the Orb.
     0 | D:1      | Reached XP level 1. HP: 16/16 MP: 1/1
    45 | D:1      | Reached skill level 1 in Unarmed Combat
    69 | D:1      | Reached XP level 2. HP: 24/24 MP: 2/2
   491 | D:1      | Reached XP level 3. HP: 27/31 MP: 3/3
   557 | D:2      | Found an iron altar of Okawaru.
   564 | D:2      | Became a worshipper of Warmaster Okawaru
   613 | D:2      | Reached skill level 3 in Unarmed Combat
   686 | D:2      | Noticed Jessica
   865 | D:2      | Reached XP level 4. HP: 36/39 MP: 4/4
  1010 | D:2      | Noticed Terence
  1069 | D:2      | Killed Jessica
  1069 | D:2      | Reached skill level 4 in Unarmed Combat
  1102 | D:2      | Killed Terence
  1452 | D:3      | Reached XP level 5. HP: 45/45 MP: 5/5
  1561 | D:3      | Noticed Lugonue's ghost (weakling CeFi)
  1571 | D:3      | Killed Lugonue's ghost
  1571 | D:3      | Reached skill level 5 in Unarmed Combat
  1662 | D:3      | Acquired Okawaru's first power
  1704 | D:3      | Found a shattered altar of Ashenzari.
  1795 | D:3      | Reached XP level 6. HP: 37/53 MP: 6/6
  1809 | D:3      | Reached skill level 6 in Unarmed Combat
  2367 | D:4      | Reached skill level 7 in Unarmed Combat
  2523 | D:4      | Reached skill level 1 in Invocations
  2628 | D:4      | Reached XP level 7. HP: 46/59 MP: 7/7
  2936 | D:5      | Entered Level 5 of the Dungeon
  2957 | D:5      | Reached skill level 8 in Unarmed Combat
  3238 | D:5      | Found Ashrucydgh's Armour Shop.
  3427 | D:5      | Found a white marble altar of Elyvilon.
  3431 | D:5      | Reached skill level 9 in Unarmed Combat
  3489 | D:5      | Reached skill level 1 in Fighting
  3489 | D:5      | Reached XP level 8. HP: 45/70 MP: 8/8
  3672 | D:5      | Learned a level 2 spell: Stoneskin
  3800 | D:6      | Found Ciwobid's Antique Weapon Shop.
  4043 | D:6      | Found a blossoming altar of Fedhas.
  4047 | D:6      | Noticed Grinder
  4214 | D:6      | Found Socy's Food Boutique.
  4316 | D:6      | Found Nof Waaw's General Store.
  4321 | D:6      | Bought a potion of flight for 33 gold pieces
  4321 | D:6      | Bought a potion of poison for 11 gold pieces
  4321 | D:6      | Bought 3 scrolls of identify for 66 gold pieces
  4321 | D:6      | Bought a scroll of silence for 82 gold pieces
  4321 | D:6      | Bought a scroll of blinking for 82 gold pieces
  4451 | D:6      | Found Vipuch's Magic Scroll Shoppe.
  4572 | D:6      | Found a staircase to the Ecumenical Temple.
  4582 | Temple   | Entered the Ecumenical Temple
  4659 | D:6      | Found Ecyrch's Assorted Antiques.
  4672 | D:6      | Found a basalt altar of Yredelemnul.
  4734 | D:6      | Noticed Sigmund
  4741 | D:6      | Killed Sigmund
  4977 | D:7      | Noticed Duvessa
  4987 | D:7      | Noticed Dowan
  5094 | D:7      | Killed Duvessa
  5094 | D:7      | Reached skill level 10 in Unarmed Combat
  5094 | D:7      | Reached XP level 9. HP: 73/87 MP: 9/9
  5102 | D:6      | Killed Dowan
  5225 | D:7      | Found a bloodstained altar of Trog.
  5245 | D:7      | Reached skill level 5 in Fighting
  6211 | D:8      | Reached skill level 11 in Unarmed Combat
  6211 | D:8      | Reached XP level 10. HP: 78/102 MP: 10/10
  6635 | D:7      | Acquired Okawaru's second power
  6718 | D:6      | Killed Grinder
  6806 | D:8      | Learned a level 3 spell: Passwall
  6811 | D:8      | Learned a level 4 spell: Petrify
  7183 | D:9      | HP: 2/106 [deep elf mage/stone arrow (11)]
  7185 | D:9      | Killed from afar by a deep elf mage

Vault maps used:
D:1:      minmay_arrival_semitransparent, st_stairs_4, minmay_misc_feat_hallway
D:2:      first_bread, okawaru_ov_weapons_minmay, uniq_terence, uniq_jessica
D:3:      lemuel_crystal_altar
D:4:      grunt_ministairs_4, nrook_mini_backslash
D:5:      serial_shops, nicolae_shop_temple_entry_statues_fountains,
          elyvilon_altar_5
D:6:      nicolae_overflow_hidden_temple, kennysheep_mini,
          minmay_temple_entry_glassed_door, serial_shops, nicolae_shop_crystal,
          shop, shop, shop, nicolae_shop_overgrown_old_shop,
          hangedman_abyss_or_decor_slice, corexii_leaking_fountain,
          uniq_grinder, uniq_sigmund
D:7:      nicolae_overflow_crystal_walls, grunt_livestock, uniq_duvessa
D:9:      minmay_twisted_water, grunt_temple_overflow_lords_of_destruction,
          nicolae_qazlal_eye_of_the_storm, serial_ice, serial_ice_h,
          serial_ice_c, serial_ice_k, serial_ice_n, serial_ice_f, serial_ice_d,
          special_room
Temple:   temple_eino_lava_12

Action                   |  1- 3 |  4- 6 |  7- 9 | 10-12 || total
-------------------------+-------+-------+-------+-------++-------
Melee: Unarmed           |   121 |   199 |   430 |   105 ||   855
 Fire: Hunting sling     |       |       |       |     2 ||     2
Throw: Stone             |     5 |       |     1 |       ||     6
 Cast: Sandblast         |     3 |     5 |     4 |       ||    12
Invok: Heroism           |       |       |       |     1 ||     1
Evoke: Wand              |       |       |     1 |       ||     1
  Use: Scroll            |       |       |    15 |     2 ||    17
 Stab: Sleeping          |     1 |       |     1 |       ||     2
  Eat: Chunk             |    13 |    17 |    32 |    10 ||    72
